 Dungeon Crawl Stone Soup version 0.30.0-15-g856e2d3f33 (webtiles) character file.

Game seed: 17960557056127756292

344 SnakkuSnakku7 the Trooper (level 6, 0/56 HPs)
             Began as a Ghoul Hexslinger on May 19, 2023.
             Was a Priest of Uskayaw.
             Slain by a gnoll bouda
             ... wielding a +0 whip
              (4 damage)
             ... on level 4 of the Dungeon.
             The game lasted 00:05:37 (3158 turns).

SnakkuSnakku7 the Trooper (Ghoul Hexslinger)        Turns: 3158, Time: 00:05:37

Health: 0/56       AC:  9    Str: 13 (16) XL:     6   Next: 58%
Magic:  6/6        EV:  6    Int:  7 (8)  God:    Uskayaw [***...]
Gold:   177        SH:  0    Dex:  6 (9)  Spells: 6/7 levels left

rFire   + .          .
                       - Unarmed
rCold   + . .        (no shield)
rNeg    + + +        p - +0 chain mail
rPois   ∞            (no helmet)
rElec   .            (no cloak)
rCorr   .            (no gloves)
SInv    .            i - +0 pair of boots
Will    .....        (no amulet) Stlth
                     s - ring of protection from fire
HPRegen 0.00/turn    (no ring)
MPRegen 0.10/turn

%: no passive effects
@: weakened, inhibited regen
A: claws 1, cold resistance 1, negative energy resistance 3, inhibited
regeneration, torment resistance 2, devour on kill
a: Renounce Religion, Stomp, Line Pass


You were on level 4 of the Dungeon.
You worshipped Uskayaw.
Uskayaw was noncommittal.
You visited 1 branch of the dungeon, and saw 4 of its levels.

You collected 177 gold pieces.

Inventory:

Hand Weapons
 a - a +1 sling
Missiles
 e - 3 silver javelins
 o - 2 poisoned darts
 t - 4 javelins
Armour
 i - a +0 pair of boots (worn)
 p - a +0 chain mail (worn)
Jewellery
 s - a ring of protection from fire (left claw)
 v - a ring of wizardry
Scrolls
 b - 2 scrolls of poison
 c - a scroll of immolation {unknown}
 f - 3 scrolls of identify {unknown}
 g - 2 scrolls of teleportation {unknown}
 j - a scroll of magic mapping {unknown}
 l - 2 scrolls of fog {unknown}
 n - a scroll of amnesia {unknown}
 q - a scroll of blinking {unknown}
 r - a scroll of noise {unknown}
Potions
 h - a potion of invisibility
 m - a potion of brilliance


   Skills:
 - Level 5.0 Fighting
 - Level 1.7 Ranged Weapons
 - Level 1.7 Dodging
 + Level 4.9 Unarmed Combat
 - Level 1.0 Spellcasting
 - Level 2.4 Hexes


You had 6 spell levels left.
You knew the following spells:

 Your Spells              Type           Power      Damage    Failure   Level
a - Slow                  Hex            12%        N/A       98%         1

Your spell library contained the following spells:

 Spells                   Type           Power      Damage    Failure   Level
 Blink                    Tloc           0%         N/A       100%        2
 Lesser Beckoning         Tloc           0%         N/A       100%        2
 Momentum Strike          Conj/Tloc      0%         3d8       100%        2
 Confusing Touch          Hex            3%         N/A       100%        3
 Inner Flame              Hex/Fire       2%         N/A       100%        3
 Ozocubu's Armour         Ice            0%         N/A       100%        3
 Portal Projectile        Hex/Tloc       4%         N/A       100%        3
 Cause Fear               Hex            1%         N/A       100%        4
 Simulacrum               Ice/Necr       0%         N/A       100%        6


Dungeon Overview and Level Annotations

Branches:
Dungeon (4/15)
 Temple: D:4-7

Altars:
Uskayaw

Shops:
D:2 (

Annotations:
D:4 Pikel


Innate Abilities, Weirdness & Mutations

You are immune to poison.
You have sharp fingernails.
Your flesh is cold resistant. (rC+)
You are immune to negative energy. (rN+++)
You do not regenerate when monsters are visible.
You are immune to unholy pain and torment.
You thrive by killing the living.


Message History

The gnoll bouda hits you but does no damage.
You scratch the gnoll bouda.
The gnoll bouda is heavily wounded.
The gnoll bouda hits you but does no damage.
You scratch the gnoll bouda.
The gnoll bouda is heavily wounded.
The gnoll bouda hits you but does no damage.
You barely miss the gnoll bouda.
The gnoll bouda is heavily wounded.
The gnoll bouda barks out a call to the hunt!
You hear a shout!
You claw the gnoll bouda!
The gnoll bouda is almost dead.
The gnoll bouda hits you with a +0 whip.
Uskayaw will force your foes to helplessly watch your dance.
You closely miss the gnoll bouda.
The gnoll bouda is almost dead.
You scratch the gnoll bouda but do no damage.
The gnoll bouda is almost dead.
The gnoll bouda utters an invocation to its god.
The gnoll bouda is healed somewhat.
You scratch the gnoll bouda but do no damage.
The gnoll bouda is severely wounded.
The gnoll bouda gazes fiercely through you!
You feel your attacks grow feeble.
A gnoll comes into view. It is wielding a +0 whip.
The gnoll shouts!
The gnoll hits you with a +0 whip.
* * * LOW HITPOINT WARNING * * *
The gnoll bouda hits you with a +0 whip.
* * * LOW HITPOINT WARNING * * *
Things that are here:
a +2 antimagic whip; a +0 spear; a gnoll corpse The gnoll bouda closely misses you.
The gnoll hits you with a +0 whip.
* * * LOW HITPOINT WARNING * * *
It was a potion of magic.
Magic courses through your body.
The gnoll bouda gazes fiercely through you!
You feel as though you will be weak longer.
The gnoll bouda hits you with a +0 whip.
You die...

.....# #).........#
.....# #..........#
#.#### #.......# #..#
#.....##### #..##
##....##†.# ##..######
#.....)###
.........#####..†#####
....##.........##g...#
....# #######.)@g...#
...## #.......## ..##
##.......# ..#
#......## .## #......#
.# ##.....# ## #.....#
# ##.#### # #.##


You could see a gnoll bouda and a gnoll (swift).

Vanquished Creatures
  2 lemures
  A phantom (D:4)
  A hound (D:4)
  Natasha (thrice) (D:2)
  An iguana (D:4)
  4 gnolls (D:4)
  3 adders
  2 worms (D:3)
  A dart slug (D:2)
  An orc (D:3)
  2 bats
  5 endoplasms
  A giant cockroach (D:1)
  9 goblins
  5 hobgoblins
  6 jackals
  5 quokkas
  4 ball pythons
  2 frilled lizards
  10 kobolds
  5 rats (D:3)
73 creatures vanquished.

Notes
Turn   | Place    | Note
-------+----------+-------------------------------------------
     0 | D:1      | SnakkuSnakku7 the Ghoul Hexslinger began the quest for the
                  | Orb.
     0 | D:1      | Reached XP level 1. HP: 16/16 MP: 1/1
   229 | D:1      | Reached skill level 1 in Unarmed Combat
   229 | D:1      | Reached XP level 2. HP: 24/24 MP: 2/2
   426 | D:1      | Reached skill level 2 in Fighting
   669 | D:2      | Noticed Natasha
   683 | D:2      | Killed Natasha
   684 | D:2      | Reached XP level 3. HP: 18/30 MP: 3/3
   717 | D:2      | Noticed Natasha
   752 | D:3      | Reached XP level 4. HP: 7/37 MP: 4/4
   813 | D:3      | Reached skill level 3 in Fighting
   932 | D:2      | Found Zoaduh's Weapon Shoppe.
  1054 | D:2      | Killed Natasha
  1269 | D:2      | Noticed Natasha
  1288 | D:2      | HP: 1/38 [something (4)]
  1295 | D:2      | Killed Natasha
  1296 | D:2      | Reached XP level 5. HP: 27/46 MP: 5/5
  1575 | D:3      | Found a hide-covered altar of Uskayaw.
  1638 | D:3      | Became a worshipper of Uskayaw the Reveller
  1785 | D:3      | Found a faded altar of an unknown god.
  1861 | D:3      | Reached * piety under Uskayaw
  2124 | D:4      | Noticed Pikel
  2124 | D:4      | Noticed a lemure
  2124 | D:4      | Noticed a lemure
  2124 | D:4      | Noticed a lemure
  2124 | D:4      | Noticed a lemure
  2147 | D:2      | Reached ** piety under Uskayaw
  2150 | D:2      | Reached *** piety under Uskayaw
  2151 | D:2      | Killed a lemure
  2226 | D:3      | Killed a lemure
  2331 | D:4      | Noticed a phantom
  2370 | D:4      | Killed a phantom
  2371 | D:4      | Reached skill level 4 in Fighting
  2371 | D:4      | Reached XP level 6. HP: 21/53 MP: 6/6
  2553 | D:4      | Got the Papyrus of Algid Hexing
  2653 | D:4      | HP: 1/53 [Pikel/+0 whip of electrocution (9)]
  3127 | D:4      | Reached skill level 5 in Fighting
  3132 | D:4      | Reached **** piety under Uskayaw
  3158 | D:4      | Slain by a gnoll bouda

Illustrated notes

Levels and vault maps discovered:
D:1:      lightli_arrival_isolated_outpost, layout_loops_ring,
          minmay_pentomino_r4
D:2:      layout_basic, serial_shops, nicolae_shop_competitors_out_of_business,
          wander_ebering_terrifying_dragon_lair, uniq_natasha
D:3:      layout_basic, nicolae_uskayaw_dance_hall,
          hellmonk_ecumenical_altar_dog_temple
D:4:      layout_cave_pods, general_overflow_altar, uniq_pikel

Skill      XL: |  1  2  3  4  5  6 |
---------------+-------------------+-----
Unarmed Combat | 1 2 3 4 |  4.9
Fighting       | 2 3 4 5 |  5.0
Ranged Weapons | |  1.7
Dodging        | |  1.7
Spellcasting   | |  1.0
Hexes          | |  2.4

Action                     |  1- 3 |  4- 6 || total
---------------------------+-------+-------++-------
  Melee: Unarmed           |    67 |   292 ||   359
         Punch             |       |     3 ||     3
   Fire: Sling             |    27 |       ||    27
  Evoke: Wand              |       |     3 ||     3
    Use: Potion            |       |    10 ||    10
   Stab: Paralysed         |       |     4 ||     4
         Invisible         |       |     1 ||     1
 Armour: Robe              |    15 |       ||    15
         Ring mail         |     7 |       ||     7
         Chain mail        |    23 |   159 ||   182
  Dodge: Dodged            |    48 |    77 ||   125
